 Seeded DCSS version 0.29.1-15-g9cfb28693d (webtiles) character file.

Game seed: 1114716861451129815 (custom seed)

1390 Achh the Shield-Bearer (level 8, -8/73 HPs)
             Began as a Minotaur Fighter on Mar 15, 2023.
             Mangled by a two-headed ogre
             ... wielding a +0 giant club
              (30 damage)
             ... on level 6 of the Dungeon.
             The game lasted 00:09:07 (4200 turns).

Achh the Shield-Bearer (Minotaur Fighter)           Turns: 4200, Time: 00:09:07

Health: -8/73      AC: 15    Str: 22    XL:     8   Next: 40%
Magic:  7/7        EV:  3    Int:  5    God:
Gold:   291        SH:  5    Dex: 11    Spells: 7/7 levels left

rFire   + . .      SeeInvis .   a - +0 war axe
rCold   + . .      Faith    .   c - +0 buckler
rNeg    . . .      Spirit   .   t - +0 gold dragon scales
rPois   +          Reflect  .   (helmet restricted)
rElec   .          Harm     .   (no cloak)
rCorr   .          Rampage  .   (no gloves)
Will    .....                   (no boots)
Stlth   ..........              n - amulet of regeneration
HPRegen 1.02/turn               y - ring of poison resistance
MPRegen 0.10/turn               w - ring of flight

@: mighty, flying
A: horns 2, retaliatory headbutt
a: no special abilities


You were on level 6 of the Dungeon.
You visited 1 branch of the dungeon, and saw 6 of its levels.

You collected 317 gold pieces.
You spent 26 gold pieces at shops.

Inventory:

Hand Weapons
 a - a +0 war axe (weapon)
Missiles
 E - 5 javelins (quivered)
Armour
 b - a +0 scale mail
 c - a +0 buckler (worn)
 t - +0 gold dragon scales (worn)
Magical Staves
 p - a staff of earth
Jewellery
 n - an amulet of regeneration (around neck)
 q - a ring of magical power
 w - a ring of flight (right hand)
 x - an amulet of regeneration
 y - a ring of poison resistance (left hand)
Wands
 v - a wand of acid (7)
Scrolls
 d - a scroll of summoning
 e - a scroll of fear {unknown}
 g - a scroll of identify
 k - 2 scrolls of magic mapping {unknown}
 o - 4 scrolls of teleportation
 z - a scroll of brand weapon {unknown}
 C - a scroll of vulnerability {unknown}
 D - a scroll of silence {unknown}
Potions
 f - 2 potions of curing {unknown}
 h - 3 potions of flight {unknown}
 i - 5 potions of lignification {unknown}
 j - a potion of cancellation {unknown}
 l - a potion of attraction {unknown}
 m - 2 potions of brilliance {unknown}
 r - a potion of resistance {unknown}
 s - a potion of might
 u - 2 potions of degeneration
 A - a potion of haste {unknown}
 B - a potion of invisibility {unknown}


   Skills:
 + Level 7.1 Fighting
 + Level 6.6 Axes
 + Level 7.1 Armour
 + Level 7.2 Shields


You had 7 spell levels left.
You didn't know any spells.
Your spell library contained the following spells:

 Spells                   Type           Power      Damage    Failure   Level
 Inner Flame              Hex/Fire       0%         N/A       100%        3
 Airstrike                Air            0%         2d(0-16)  100%        4
 Cause Fear               Hex            0%         N/A       100%        4
 Summon Lightning Spire   Summ/Air       0%         N/A       100%        4
 Lightning Bolt           Conj/Air       0%         1d11      100%        5
 Discord                  Hex            0%         N/A       100%        8


Dungeon Overview and Level Annotations

Branches:
Dungeon (6/15)
 Temple: D:4-7

Altars:
Dithmenos
Elyvilon
Gozag
Kikubaaqudgha
Nemelex Xobeh
Ru
Wu Jian
Xom
Yredelemnul
Zin

Shops:
D:4 !


Innate Abilities, Weirdness & Mutations

You have a pair of horns on your head.
You reflexively headbutt those who attack you in melee.


Message History

a +0 trident; a +0 scale mail; an orc corpse You see here a +0 dagger.
Found an escape hatch in the floor.
Found a stone staircase leading down.
An adder comes into view.
The adder hisses angrily.
An adder is nearby!
You block the adder's attack.
You hit the adder.
The adder is moderately wounded.
The adder bites you but does no damage. x2
You closely miss the adder. Your headbutt misses the adder.
The adder is moderately wounded.
The adder bites you but does no damage.
You hit the adder but do no damage. Your headbutt misses the adder.
The adder is moderately wounded.
The adder bites you but does no damage. You block the adder's attack.
You miss the adder.
The adder is moderately wounded.
You block the adder's attack.
You slash the adder!
You kill the adder!
You see here an adder corpse.
Found a chain mail.
You see here an adder corpse.
A two-headed ogre comes into view.
It is wielding a +0 giant club and a +0 giant spiked club.
The two-headed ogre shouts in stereo!
You hear an angry growl.
A black bear comes into view.
You completely miss the two-headed ogre.
The two-headed ogre hits you with a +0 giant club!
The two-headed ogre barely misses you.
You slash the two-headed ogre!
Your headbutt misses the two-headed ogre.
The two-headed ogre is lightly wounded.
The two-headed ogre hits you with a +0 giant club!!
The two-headed ogre hits you with a +0 giant spiked club!
* * * LOW HITPOINT WARNING * * *
You feel very mighty all of a sudden.
The two-headed ogre hits you with a +0 giant club!!
You die...

### #.#.# ..### #.#.#
#........ #...# #.#.#
#........ ###.## #.#.#
#........ #..### #†#.#
#........
##...###.#.###...h....
###.........#..!.....
#>##....#.#O.......
#.##....#.#@$...?..
#.#####.....#######
#.# ##.>.## #.# #####
#.# #.#


You could see a two-headed ogre and a black bear.

Vanquished Creatures
  The ghost of vampirul the Magician, an amateur DjIE (D:5)
  A black bear (D:6)
  3 ogres
  2 phantoms
  A gnoll sergeant (D:5)
  A necrophage (D:6)
  3 scorpions
  A jelly (D:6)
  2 orc priests
  A hound (D:5)
  2 iguanas (D:5)
  2 orc wizards (D:4)
  12 adders
  A white imp (D:5)
  An ufetubus (D:5)
  A worm (D:4)
  5 dart slugs
  9 orcs
  3 bats (D:1)
  9 endoplasms
  A giant cockroach (D:1)
  8 goblins
  5 hobgoblins
  4 jackals
  6 quokkas
  10 ball pythons
  5 frilled lizards
  10 kobolds
  3 rats
113 creatures vanquished.

Vanquished Creatures (collateral kills)
  A hound (D:5)
  An adder (D:5)
2 creatures vanquished.

Vanquished Creatures (others)
  A plant (D:1)
1 creature vanquished.

Grand Total: 116 creatures vanquished

Notes
Turn   | Place    | Note
-------+----------+-------------------------------------------
     0 | D:1      | Achh the Minotaur Fighter began the quest for the Orb.
     0 | D:1      | Reached XP level 1. HP: 19/19 MP: 0/0
   108 | D:1      | Reached XP level 2. HP: 25/27 MP: 1/1
   678 | D:1      | Reached XP level 3. HP: 19/33 MP: 2/2
   972 | D:1      | Found a faded altar of an unknown god.
  1618 | D:3      | Reached XP level 4. HP: 37/40 MP: 3/3
  1918 | D:3      | Found a basalt altar of Yredelemnul.
  2031 | D:4      | Found a sparkling altar of Nemelex Xobeh.
  2075 | D:4      | Found a shadowy altar of Dithmenos.
  2075 | D:4      | Found a shimmering altar of Xom.
  2130 | D:4      | Found Leeweorph's Distillery.
  2137 | D:4      | Noticed a scorpion
  2146 | D:4      | Killed a scorpion
  2147 | D:4      | Reached XP level 5. HP: 37/47 MP: 4/4
  2176 | D:4      | Bought 2 potions of degeneration for 26 gold pieces
  2293 | D:4      | Found a glowing silver altar of Zin.
  2293 | D:4      | Found an ancient bone altar of Kikubaaqudgha.
  2301 | D:4      | Found a faded altar of an unknown god.
  2304 | D:4      | Found a white marble altar of Elyvilon.
  2306 | D:4      | Found an ornate altar of the Wu Jian Council.
  2340 | D:4      | Noticed an ogre
  2347 | D:4      | HP: 2/47 [ogre/+0 giant club (2)]
  2349 | D:4      | Killed an ogre
  2350 | D:4      | Reached skill level 5 in Fighting
  2350 | D:4      | Reached skill level 5 in Armour
  2350 | D:4      | Reached skill level 5 in Shields
  2350 | D:4      | Reached XP level 6. HP: 6/56 MP: 5/5
  2676 | D:4      | Reached skill level 5 in Axes
  2738 | D:4      | Reached XP level 7. HP: 62/62 MP: 6/6
  2994 | D:5      | Entered Level 5 of the Dungeon
  3577 | D:5      | Found a runed translucent gate.
  3577 | D:5      | Found a runed translucent gate.
  3577 | D:5      | Found a runed translucent gate.
  3578 | D:5      | Found an opulent altar of Gozag.
  3579 | D:5      | Noticed vampirul's ghost (amateur DjIE)
  3596 | D:5      | Reached XP level 8. HP: 61/71 MP: 7/7
  3596 | D:5      | Killed vampirul's ghost
  3833 | D:5      | Found an opulent altar of Gozag.
  3845 | D:5      | Found a sacrificial altar of Ru.
  4195 | D:6      | Noticed a two-headed ogre
  4200 | D:6      | Mangled by a two-headed ogre

Illustrated notes

Levels and vault maps discovered:
D:1:      wander_arrival_fairy_ring, layout_loops_ring,
          hellmonk_ecumenical_altar_leap_of_faith
D:2:      layout_rooms
D:3:      layout_rooms, mainiacjoe_overflow_paths
D:4:      nicolae_cairo_tiling_large_dashed, layout_loops_ring,
          mainiacjoe_overflow_large_starburst,
          chequers_temple_overflow_minitemple, nemelex_spade_bored_becter,
          serial_shops, shop
D:5:      layout_loops_ring, amethyst_overflow_temple_binary,
          ebering_ghost_gozag
D:6:      layout_basic, serial_shops, nicolae_shop_stone

Skill      XL: |  1  2  3  4  5  6  7  8 |
---------------+-------------------------+-----
Armour         | 4 5 6 7 |  7.1
Fighting       | 4 5 6 7 |  7.1
Shields        | 4 5 6 7 |  7.2
Axes           | 3 4 5 6 |  6.6

Action                   |  1- 3 |  4- 6 |  7- 9 || total
-------------------------+-------+-------+-------++-------
Melee: War axe           |    98 |   112 |    91 ||   301
       Headbutt          |     7 |    11 |     9 ||    27
  Use: Scroll            |     1 |       |     2 ||     3
       Potion            |       |     1 |     2 ||     3
Armor: Scale mail        |    66 |    17 |       ||    83
       Gold dragon scale |       |    90 |    69 ||   159
Dodge: Dodged            |    65 |    37 |    15 ||   117
Block: Buckler           |    28 |    21 |    22 ||    71
